 Dungeon Crawl Stone Soup version 0.22-a0-354-g30dfbe6 (webtiles) character file.

2718 Kairos the Chopper (level 9, 0/46 HPs)
             Began as a Vine Stalker Fighter on Apr 16, 2018.
             Succumbed to a killer bee's poison
             ... on level 7 of the Dungeon.
             The game lasted 00:10:35 (5273 turns).

Kairos the Chopper (Vine Stalker Fighter)           Turns: 5273, Time: 00:10:36

Health: 0/46       AC:  9    Str: 21    XL:     9   Next: 66%
Magic:  7/10       EV:  9    Int: 10    God:
Gold:   341        SH: 15    Dex: 15    Spells: 8/8 levels left

rFire    . . .     SeeInvis .   j - +2 hand axe (drain)
rCold    . . .     Gourm    .   c - +0 shield
rNeg     . . .     Faith    .   v - +0 ring mail (curse)
rPois    .         Spirit   +   L - +1 hat
rElec    .         Reflect  +   (no cloak)
rCorr    +         Harm     .   x - +2 pair of gloves
MR       +....                  (no boots)
Stlth    +.........             p - +5 amulet of reflection
HPRegen  0.55/turn              k - ring of wizardry
MPRegen  0.12/turn              E - ring of resist corrosion

@: lethally poisoned (0 -> -26), heavily drained
A: fangs 3, horns 1, blink, regeneration 1, strong 1, magic shield, antimagic
bite, no potion heal 3, rot immunity
a: Blink


You were on level 7 of the Dungeon.
You were not hungry.

You visited 2 branches of the dungeon, and saw 8 of its levels.

You collected 341 gold pieces.

Inventory:

Hand Weapons
 a - a +0 war axe
 j - a +2 hand axe of draining (weapon)
 I - a +4 hand axe of venom
 K - a +3 hand axe
Armour
 b - a +0 scale mail
 c - a +0 shield (worn)
 v - a cursed +0 ring mail (worn)
 x - a +2 pair of gloves (worn)
 L - a +1 hat (worn)
Jewellery
 k - a ring of wizardry (left hand)
 p - a +5 amulet of reflection (around neck)
 E - a ring of resist corrosion (right hand)
 F - a +4 amulet of reflection
 G - an uncursed amulet of rage
Wands
 C - a wand of flame (24)
Scrolls
 e - a scroll of enchant weapon {unknown}
 g - 3 scrolls of amnesia
 h - 3 scrolls of magic mapping
 l - 3 scrolls of remove curse {unknown}
 o - 2 scrolls of fear
 q - 2 scrolls of noise
 r - 5 scrolls of teleportation {unknown}
 y - 2 scrolls of enchant armour {unknown}
 D - a scroll of random uselessness {unknown}
 H - a scroll of identify
 J - a scroll of fog {unknown}
Potions
 d - 2 potions of might
 i - a potion of resistance {unknown}
 m - 3 potions of lignification {unknown}
 n - a potion of haste {unknown}
 s - 3 potions of brilliance {unknown}
 t - 3 potions of berserk rage
 u - 2 potions of mutation
 w - a potion of agility
 z - a potion of cancellation {unknown}
 A - 2 potions of curing {unknown}
 B - 3 potions of heal wounds
Comestibles
 f - 7 rations


   Skills:
 + Level 4.8(3.2) Fighting
 + Level 7.3(5.7) Axes
 + Level 4.3(2.8) Armour
 + Level 2.7(1.3) Dodging
 + Level 1.8(0.4) Stealth
 + Level 7.2(5.5) Shields


You had 8 spell levels left.
You didn't know any spells.

Dungeon Overview and Level Annotations

Branches:
Dungeon (7/15)             Temple (1/1) D:5

Altars:
Ashenzari
Cheibriados
Dithmenos
Elyvilon
Fedhas
Gozag
Hepliaklqana
Kikubaaqudgha
Makhleb
Nemelex Xobeh
Ru
Trog
Uskayaw
Vehumet
Wu Jian
Xom
Yredelemnul
Zin
The Shining One


Innate Abilities, Weirdness & Mutations

You have razor-sharp teeth.
Your natural rate of healing is unusually fast.
When hurt, damage is shared between your health and your magic reserves.
Your bite disrupts and absorbs the magic of your enemies.
Potions cannot restore your health.
You are immune to rotting.
You have a pair of small horns on your head.
You can translocate small distances at will.
Your muscles are strong. (Str +2)


Message History

* * * LOW HITPOINT WARNING * * *
You are lethally poisoned!
The killer bee poisons you! The killer bee stings you.
* * * LOW HITPOINT WARNING * * *
You are more poisoned.
The killer bee poisons you!
It was a potion of heal wounds.
That seemed strangely inert.
* * * LOW HITPOINT WARNING * * *
You feel sick. The killer bee stings you.
* * * LOW HITPOINT WARNING * * *
You are more poisoned.
The killer bee poisons you! You block the killer bee's attack.
It was a potion of mutation.
You feel extremely strange. A pair of horns grows on your head!
You feel jittery.
You feel stronger.
* * * LOW HITPOINT WARNING * * *
You feel very sick. You block the killer bee's attack.
The killer bee stings you but does no damage.
You blink.
You feel slightly more hungry.
You die...

......########..##..#
......#..........(...#
......#..............#
#.....#..............#
#.....#.....############
#.....#.....##..........
#.....#.....§#..........
#.....#.....y†..........
#.....#......#..@.......
#.....########..........
..####............######
..# #............# ..#
#............# ..#
#............# ###
#............#
#............#
#.........


You could see a killer bee.

Vanquished Creatures
  Pikel (D:6)
  Eustachio (D:6)
  Edmund (D:6)
  A sky beast (D:5)
  An ice beast (D:4)
  A phantom (D:6)
  An orc warrior (D:6)
  2 slaves (D:6)
  A centaur (D:7)
  2 big kobolds
  Blork the orc (D:6)
  6 scorpions
  A water moccasin skeleton (D:7)
  4 killer bees (D:7)
  4 wights (D:7)
  A crimson imp (D:2)
  3 hounds
  3 orc priests
  A gnoll shaman (D:4)
  A jelly (D:6)
  3 orc wizards
  A centaur skeleton (D:4)
  2 iguanas
  2 worker ants (D:3)
  2 howler monkey skeletons
  3 gnolls
  5 adders
  3 oozes
  An adder skeleton (D:6)
  2 worms
  3 dart slugs
  4 leopard geckos
  10 orcs
  6 bats
  4 giant cockroaches
  2 goblins
  A hobgoblin (D:1)
  11 jackals
  A quokka (D:3)
  2 ball pythons (D:2)
  A frilled lizard (D:1)
  29 kobolds
  A quokka skeleton (D:6)
  10 rats
  2 bushes (D:5)
  4 plants
152 creatures vanquished.

Vanquished Creatures (others)
  An iguana (D:6)
  A plant (D:4)
2 creatures vanquished.

Grand Total: 154 creatures vanquished

Notes
Turn   | Place    | Note
-------+----------+-------------------------------------------
     0 | D:1      | Kairos the Vine Stalker Fighter began the quest for the Orb.
     0 | D:1      | Reached XP level 1. HP: 11/11 MP: 2/2
    77 | D:1      | Reached XP level 2. HP: 13/16 MP: 3/3
   387 | D:1      | Reached XP level 3. HP: 18/19 MP: 4/4
   664 | D:2      | Found a glowing silver altar of Zin.
   665 | D:2      | Found a hazy altar of Hepliaklqana.
   665 | D:2      | Found a snail-covered altar of Cheibriados.
   668 | D:2      | Found a sparkling altar of Nemelex Xobeh.
   668 | D:2      | Found a burning altar of Makhleb.
   670 | D:2      | Found a shadowy altar of Dithmenos.
   670 | D:2      | Found an opulent altar of Gozag.
   965 | D:2      | Gained mutation: Your natural rate of healing is unusually fast. [Vine Stalker growth]
   965 | D:2      | Reached XP level 4. HP: 24/24 MP: 5/5
  1753 | D:3      | Reached XP level 5. HP: 28/28 MP: 6/6
  1862 | D:3      | Found a shadowy altar of Dithmenos.
  2007 | D:4      | Found a white marble altar of Elyvilon.
  2044 | D:4      | Reached XP level 6. HP: 32/32 MP: 7/7
  2103 | D:4      | Reached skill level 1 in Dodging
  2511 | D:3      | Reached skill level 1 in Stealth
  2520 | D:4      | Reached XP level 7. HP: 34/36 MP: 6/8
  2937 | D:5      | Entered Level 5 of the Dungeon
  3259 | D:4      | Reached skill level 5 in Shields
  3262 | D:4      | Reached skill level 5 in Axes
  3262 | D:4      | Gained mutation: You have razor-sharp teeth. [Vine Stalker growth]
  3262 | D:4      | Reached XP level 8. HP: 42/42 MP: 9/9
  3549 | D:5      | Found a staircase to the Ecumenical Temple.
  3661 | Temple   | Entered the Ecumenical Temple
  4162 | D:6      | Noticed Edmund
  4164 | D:6      | Noticed Blork the orc
  4173 | D:6      | Killed Blork the orc
  4182 | D:6      | Killed Edmund
  4328 | D:6      | Found a shattered altar of Ashenzari.
  4378 | D:6      | Noticed Pikel
  4418 | D:6      | Killed Pikel
  4418 | D:6      | Reached XP level 9. HP: 46/46 MP: 10/10
  4731 | D:6      | Noticed Eustachio
  4745 | D:6      | Killed Eustachio
  5272 | D:7      | Gained mutation: You have a pair of small horns on your head. [potion of mutation]
  5272 | D:7      | Gained mutation: You can translocate small distances at will. [potion of mutation]
  5272 | D:7      | Gained mutation: Your muscles are strong. (Str +2) [potion of mutation]
  5273 | D:7      | Succumbed to a killer bee's poison

Vault maps used:
D:1:      dpeg_arrival_chase
D:2:      grunt_temple_overflow_open, minmay_misc_feat_x
D:3:      grunt_dithmenos_smoke
D:4:      kennysheep_kobold_camp, elyvilon_altar_5, first_ration,
          serial_bayou_pond_b
D:5:      minmay_temple_entry_overgrown, lexackson_kobold_supper
D:6:      ashenzari_altar_1, uniq_blork_the_orc, uniq_eustachio, uniq_edmund,
          uniq_pikel
D:7:      uniq_duvessa
Temple:   jpeg_temple_clearing

Skill      XL: |  1  2  3  4  5  6  7  8  9 |
---------------+----------------------------+-----
Axes           | 2 3 4 5 6 7 |  7.3
Fighting       | 3 4 |  4.8
Shields        | 3 4 5 6 7 |  7.2
Armour         | 3 4 |  4.3
Dodging        | 1 2 |  2.7
Stealth        | 1 |  1.8

Action                   |  1- 3 |  4- 6 |  7- 9 || total
-------------------------+-------+-------+-------++-------
Melee: War axe           |    17 |       |    20 ||    37
       Bite              |    12 |    31 |   226 ||   269
       Hand axe          |    51 |   130 |   436 ||   617
 Abil: Blink             |       |       |     1 ||     1
  Use: Scroll            |       |       |     6 ||     6
       Potion            |       |       |     2 ||     2
  Eat: Chunk             |       |     5 |     4 ||     9
       Ration            |       |       |     2 ||     2
Armor: Scale mail        |    38 |     4 |       ||    42
       Ring mail         |       |    23 |    55 ||    78
Dodge: Dodged            |    16 |    23 |    71 ||   110
Block: Shield            |    45 |   119 |   181 ||   345
       Reflection        |       |     4 |     7 ||    11

Table legend:
 A = Spawn XP
 B = Non-spawn XP
 C = Spawn XP percentage of total XP
 D = Spawn monster count
 E = Non-spawn monster count
 F = Spawn count percentage of total count
 G = Total turns spent on level
                    A         B        C        D         E        F      G
               +---------+---------+-------+---------+---------+-------+---------
         Total |       0 |    3884 |   0.0 |       0 |     144 |   0.0 |  5273
               +---------+---------+-------+---------+---------+-------+---------
           D:1 |       0 |      39 |   0.0 |       0 |      17 |   0.0 |   581
           D:2 |       0 |     117 |   0.0 |       0 |      26 |   0.0 |  1008
           D:3 |       0 |     114 |   0.0 |       0 |       9 |   0.0 |   473
           D:4 |       0 |     760 |   0.0 |       0 |      42 |   0.0 |  1015
           D:5 |       0 |     474 |   0.0 |       0 |      21 |   0.0 |   688
           D:6 |       0 |    1642 |   0.0 |       0 |      17 |   0.0 |  1168
           D:7 |       0 |     738 |   0.0 |       0 |      12 |   0.0 |   218
               +---------+---------+-------+---------+---------+-------+---------
